NCAA
TEXAS A&M AGGIES @ NOTRE DAME FIGHTING IRISH
05/20/2024
 
TOP OF THE 1ST
Texas A&M Aggies batting - Pitching for Notre Dame Fighting Irish : LHP Jeff Minnich
Pitching: LHP Jeff Minnich
Batting: LHB Dave Bryant 0-0: Ball
1-0: Foul Ball, location: 2F
1-1: Ball
2-1: Foul Ball, location: 2F
2-2: Foul Ball, location: 2F
2-2: Ball
3-2: Strikes out swinging
Batting: RHB Julian Lee 0-0: Ball
1-0: Bunt for hit - play at first, batter OUT! 1-3
Batting: SHB Dan Dunn 0-0: Swinging Strike
0-1: Called Strike
0-2: Foul Ball, location: 2F
0-2: Ground out 4-3 (Groundball, 4)
Top of the 1st over - 0 run(s), 0 hit(s), 0 error(s), 0 left on base; Texas A&M 0 - Notre Dame 0
BOTTOM OF THE 1ST
Notre Dame Fighting Irish batting - Pitching for Texas A&M Aggies : RHP Alex Weston
Pitching: RHP Alex Weston
Batting: RHB António Muńóz 0-0: Bunted foul
0-1: Ball
1-1: Ball
2-1: Fly out, F4 (Popup, 34D)
Batting: SHB Joe Gallagher 0-0: Called Strike
0-1: Ball
1-1: Foul Ball, location: 2F
1-2: Foul Ball, location: 2F
1-2: Strikes out swinging
Batting: RHB Doug Coleman 0-0: Swinging Strike
0-1: Foul Ball, location: 2F
0-2: Ball
1-2: Fly out, F7 (Flyball, 78S)
Bottom of the 1st over - 0 run(s), 0 hit(s), 0 error(s), 0 left on base; Texas A&M 0 - Notre Dame 0
TOP OF THE 2ND
Texas A&M Aggies batting - Pitching for Notre Dame Fighting Irish : LHP Jeff Minnich
Batting: SHB Clint Woods 0-0: Called Strike
0-1: Foul Ball, location: 2F
0-2: Ball
1-2: Ball
2-2: Ball
3-2: Base on Balls
Batting: RHB Ryan Hilton 0-0: Ball
1-0: Swinging Strike
1-1: Ball
2-1: Grounds into double play, 1-4-3 (Groundball, 15)
Batting: RHB Chris Burrell 0-0: Foul Ball, location: 2F
0-1: Ball
1-1: Ball
2-1: SOLO HOME RUN (Line Drive, 8LXD), Distance : 389 ft
Batting: LHB Vicente Rangel 0-0: Ball
1-0: Ball
2-0: Foul Ball, location: 2F
2-1: Called Strike
2-2: Ball
3-2: Fly out, F8 (Flyball, 8RM)
Top of the 2nd over - 1 run(s), 1 hit(s), 0 error(s), 0 left on base; Texas A&M 1 - Notre Dame 0
BOTTOM OF THE 2ND
Notre Dame Fighting Irish batting - Pitching for Texas A&M Aggies : RHP Alex Weston
Batting: LHB George Smith 0-0: Ball
1-0: Ground out 4-3 (Groundball, 34)
Batting: RHB Tony Parker 0-0: Called Strike
0-1: Ground out 4-3 (Groundball, 34)
Batting: SHB Forest Cruz 0-0: Called Strike
0-1: Ball
1-1: Ball
2-1: Foul Ball, location: 2F
2-2: Ball
3-2: Strikes out looking
Bottom of the 2nd over - 0 run(s), 0 hit(s), 0 error(s), 0 left on base; Texas A&M 1 - Notre Dame 0
TOP OF THE 3RD
Texas A&M Aggies batting - Pitching for Notre Dame Fighting Irish : LHP Jeff Minnich
Batting: SHB Jason Mason 0-0: Foul Ball, location: 2F
0-1: Foul Ball, location: 2F
0-2: Ball
1-2: Ground out 6-3 (Groundball, 6M)
Batting: SHB Bill Butler 0-0: Ball
1-0: Called Strike
1-1: Ball
2-1: Ball
3-1: Base on Balls
Batting: LHB Dave Bryant 0-0: Called Strike
0-1: Ball
1-1: Foul Ball, location: 2F
1-2: Foul Ball, location: 2F
1-2: Strikes out swinging
Batting: RHB Julian Lee 0-0: Ball
1-0: Swinging Strike
1-1: Foul Ball, location: 2F
1-2: Strikes out looking
Top of the 3rd over - 0 run(s), 0 hit(s), 0 error(s), 1 left on base; Texas A&M 1 - Notre Dame 0
BOTTOM OF THE 3RD
Notre Dame Fighting Irish batting - Pitching for Texas A&M Aggies : RHP Alex Weston
Batting: RHB Carlos Gómez 0-0: Ball
1-0: Ball
2-0: Foul Ball, location: 2F
2-1: Ball
3-1: Ground out 3-1 (Groundball, 34)
Batting: RHB Ron Walters 0-0: Called Strike
0-1: SINGLE (Groundball, 4MS)
Batting: RHB Ralph Gentry 0-0: Ball
1-0: Called Strike
Ron Walters is caught stealing 2nd base
1-1: Swinging Strike
1-2: Foul Ball, location: 2F
1-2: SINGLE (Flyball, 8RS)
Batting: RHB António Muńóz 0-0: Called Strike
0-1: Called Strike
0-2: Ball
1-2: Ball
2-2: Foul Ball, location: 2F
2-2: Ball
3-2: Base on Balls
Ralph Gentry to second
Batting: SHB Joe Gallagher 0-0: Ground out 3-1 (Groundball, 34S)
Bottom of the 3rd over - 0 run(s), 2 hit(s), 0 error(s), 2 left on base; Texas A&M 1 - Notre Dame 0
TOP OF THE 4TH
Texas A&M Aggies batting - Pitching for Notre Dame Fighting Irish : LHP Jeff Minnich
Batting: SHB Dan Dunn 0-0: Called Strike
0-1: DOUBLE (Line Drive, 7LS)
Batting: SHB Clint Woods 0-0: Ball
1-0: Ball
2-0: Called Strike
2-1: Called Strike
2-2: Foul Ball, location: 2F
2-2: Ball
3-2: Base on Balls
Batting: RHB Ryan Hilton 0-0: Grounds into double play, 5-4-3 (Groundball, 56)
Dan Dunn to third
Batting: RHB Chris Burrell 0-0: Ball
1-0: Called Strike
1-1: Ball
2-1: Ball
3-1: Foul Ball, location: 2F
3-2: 2-RUN HOME RUN (Flyball, 7LD), Distance : 333 ft
Batting: LHB Vicente Rangel 0-0: Fly out, F8 (Flyball, 8LM)
Top of the 4th over - 2 run(s), 2 hit(s), 0 error(s), 0 left on base; Texas A&M 3 - Notre Dame 0
BOTTOM OF THE 4TH
Notre Dame Fighting Irish batting - Pitching for Texas A&M Aggies : RHP Alex Weston
Batting: RHB Doug Coleman 0-0: Called Strike
0-1: Foul Ball, location: 2F
0-2: Ball
1-2: SINGLE (Line Drive, 56D)
Batting: LHB George Smith 0-0: Ball
1-0: Called Strike
1-1: Ball
2-1: Ground out 4-3 (Groundball, 4M)
Doug Coleman to second
Batting: RHB Tony Parker 0-0: Ball
Wild Pitch!
Doug Coleman to third
1-0: Called Strike
1-1: Ball
2-1: Ball
3-1: Foul Ball, location: 2F
3-2: Foul Ball, location: 2F
3-2: Foul Ball, location: 2F
3-2: Ground out 4-3 (Groundball, 4M)
Doug Coleman scores
Batting: SHB Forest Cruz 0-0: Ball
1-0: Ball
2-0: Ball
3-0: Base on Balls
Batting: RHB Carlos Gómez Pickoff Throw to First - Out!
Bottom of the 4th over - 1 run(s), 1 hit(s), 0 error(s), 0 left on base; Texas A&M 3 - Notre Dame 1
TOP OF THE 5TH
Texas A&M Aggies batting - Pitching for Notre Dame Fighting Irish : LHP Jeff Minnich
Batting: SHB Jason Mason 0-0: Swinging Strike
0-1: Bunt missed!
0-2: Foul Ball, location: 2F
0-2: Foul Ball, location: 2F
0-2: Ball
1-2: Ball
2-2: Ball
3-2: Base on Balls
Batting: SHB Bill Butler 0-0: Ball
1-0: Called Strike
1-1: Ball
2-1: Ball
3-1: Swinging Strike
3-2: Base on Balls
Jason Mason to second
Pitching: RHP Gabe Mills
Batting: LHB Dave Bryant 0-0: Called Strike
0-1: Ball
1-1: Foul Ball, location: 2F
1-2: Foul Ball, location: 2F
1-2: Ball
2-2: Foul Ball, location: 2F
2-2: Foul Ball, location: 2F
2-2: Ground out 4-3 (Groundball, 4M)
Jason Mason to third
Bill Butler to second
Batting: RHB Julian Lee 0-0: Intentional Walk
Batting: SHB Dan Dunn 0-0: Fly out, F7 (Flyball, 78S)
Batting: SHB Clint Woods 0-0: Ball
1-0: Called Strike
1-1: Foul Ball, location: 2F
1-2: Foul Ball, location: 2F
1-2: Ball
2-2: Ball
3-2: Base on Balls
Jason Mason scores
Bill Butler to third
Julian Lee to second
Batting: RHB Ryan Hilton 0-0: Ball
1-0: Swinging Strike
1-1: Ball
2-1: Ball
3-1: Foul Ball, location: 2F
3-2: Strikes out swinging
Top of the 5th over - 1 run(s), 0 hit(s), 0 error(s), 3 left on base; Texas A&M 4 - Notre Dame 1
BOTTOM OF THE 5TH
Notre Dame Fighting Irish batting - Pitching for Texas A&M Aggies : RHP Alex Weston
Batting: RHB Carlos Gómez 0-0: Fly out, F9 (Flyball, 9M)
Batting: RHB Ron Walters 0-0: Ball
1-0: Swinging Strike
1-1: Foul Ball, location: 2F
1-2: Ground out 5-3 (Groundball, 56S)
Batting: RHB Ralph Gentry 0-0: Ball
1-0: Ball
2-0: Ball
3-0: Base on Balls
Batting: RHB António Muńóz 0-0: Called Strike
0-1: Ball
1-1: Swinging Strike
1-2: Ball
2-2: Ball
3-2: Foul Ball, location: 2F
3-2: Fly out, F7 (Line Drive, 7M)
Bottom of the 5th over - 0 run(s), 0 hit(s), 0 error(s), 1 left on base; Texas A&M 4 - Notre Dame 1
TOP OF THE 6TH
Texas A&M Aggies batting - Pitching for Notre Dame Fighting Irish : RHP Gabe Mills
Batting: RHB Chris Burrell 0-0: Ball
1-0: Swinging Strike
1-1: Ball
2-1: Ground out 1-3 (Groundball, 13)
Batting: LHB Vicente Rangel 0-0: Called Strike
0-1: Ball
1-1: SINGLE (Groundball, 25) (infield hit)
Batting: SHB Jason Mason 0-0: Swinging Strike
0-1: Ball
1-1: Swinging Strike
1-2: Strikes out swinging
Batting: SHB Bill Butler 0-0: Called Strike
0-1: Swinging Strike
0-2: Ball
1-2: Strikes out swinging
Top of the 6th over - 0 run(s), 1 hit(s), 0 error(s), 1 left on base; Texas A&M 4 - Notre Dame 1
BOTTOM OF THE 6TH
Notre Dame Fighting Irish batting - Pitching for Texas A&M Aggies : RHP Alex Weston
Batting: SHB Joe Gallagher 0-0: Foul Ball, location: 2F
0-1: Ball
1-1: Ball
2-1: Fly out, F8 (Flyball, 8LS)
Pitching: RHP George Burks
Batting: RHB Doug Coleman 0-0: Ball
1-0: Called Strike
1-1: Ball
2-1: Ground out 5-3 (Groundball, 5S)
Batting: LHB George Smith 0-0: DOUBLE (Flyball, 89M)
Batting: RHB Tony Parker 0-0: Ball
1-0: Called Strike
1-1: Swinging Strike
1-2: Ball
2-2: Ball
3-2: Base on Balls
Batting: SHB Forest Cruz 0-0: Ball
1-0: Ball
2-0: Called Strike
2-1: Ball
3-1: Base on Balls
George Smith to third
Tony Parker to second
Batting: RHB Carlos Gómez 0-0: Ball
1-0: Ball
2-0: Ball
3-0: Called Strike
3-1: Foul Ball, location: 2F
3-2: Ground out 4-3 (Groundball, 4)
Bottom of the 6th over - 0 run(s), 1 hit(s), 0 error(s), 3 left on base; Texas A&M 4 - Notre Dame 1
TOP OF THE 7TH
Texas A&M Aggies batting - Pitching for Notre Dame Fighting Irish : RHP Gabe Mills
Pitching: RHP Richard Thomas
Batting: LHB Dave Bryant 0-0: Foul Ball, location: 2F
0-1: Ball
1-1: SINGLE (Flyball, 89M)
Batting: RHB Julian Lee 0-0: Ball
1-0: Sac Bunt - play at first, batter OUT! 1-4
Dave Bryant to second
Batting: SHB Dan Dunn 0-0: Called Strike
Dave Bryant is caught stealing 3rd base
0-1: Called Strike
0-2: Strikes out swinging, 2-3 out at first.
Top of the 7th over - 0 run(s), 1 hit(s), 0 error(s), 0 left on base; Texas A&M 4 - Notre Dame 1
BOTTOM OF THE 7TH
Notre Dame Fighting Irish batting - Pitching for Texas A&M Aggies : RHP George Burks
Batting: RHB Ron Walters 0-0: Ball
1-0: Swinging Strike
1-1: Ball
2-1: Called Strike
2-2: Strikes out swinging
Batting: RHB Ralph Gentry 0-0: Called Strike
0-1: Ball
1-1: Ball
2-1: Foul Ball, location: 2F
2-2: Ball
3-2: SINGLE (Line Drive, 56)
Batting: RHB António Muńóz 0-0: Ball
1-0: Fielders Choice at 2nd, 1-4 (Groundball, 23)
Batting: SHB Joe Gallagher 0-0: Ball
António Muńóz is caught stealing 2nd base
Bottom of the 7th over - 0 run(s), 1 hit(s), 0 error(s), 0 left on base; Texas A&M 4 - Notre Dame 1
TOP OF THE 8TH
Texas A&M Aggies batting - Pitching for Notre Dame Fighting Irish : RHP Richard Thomas
Batting: SHB Clint Woods 0-0: Swinging Strike
0-1: Called Strike
0-2: Strikes out looking
Batting: RHB Ryan Hilton 0-0: Ground out 5-3 (Groundball, 56)
Batting: RHB Chris Burrell 0-0: Ball
1-0: Ball
2-0: Ball
3-0: Called Strike
3-1: Called Strike
3-2: Base on Balls
Batting: LHB Vicente Rangel 0-0: Ball
1-0: Fly out, F9 (Flyball, 89M)
Top of the 8th over - 0 run(s), 0 hit(s), 0 error(s), 1 left on base; Texas A&M 4 - Notre Dame 1
BOTTOM OF THE 8TH
Notre Dame Fighting Irish batting - Pitching for Texas A&M Aggies : RHP George Burks
Batting: SHB Joe Gallagher 0-0: Ball
1-0: SINGLE (Groundball, 15) (infield hit)
Pitching: RHP Ken Little
Batting: RHB Doug Coleman 0-0: Ball
1-0: Called Strike
1-1: SINGLE (Groundball, 56D) (infield hit)
Joe Gallagher to second
Pitching: LHP Juan Martínez
Batting: LHB George Smith 0-0: Foul Ball, location: 2F
0-1: Swinging Strike
0-2: SINGLE (Groundball, 3S)
Joe Gallagher to third
Doug Coleman to second
Pitching: RHP Brian Walker
Batting: RHB Tony Parker 0-0: Ball
1-0: Foul Ball, location: 2F
1-1: Foul Ball, location: 2F
1-2: Grounds into double play, 6-4-3 (Groundball, 6M)
Joe Gallagher scores
Doug Coleman to third
Batting: SHB Forest Cruz 0-0: Called Strike
0-1: Ball
1-1: Called Strike
1-2: Strikes out swinging
Bottom of the 8th over - 1 run(s), 3 hit(s), 0 error(s), 1 left on base; Texas A&M 4 - Notre Dame 2
TOP OF THE 9TH
Texas A&M Aggies batting - Pitching for Notre Dame Fighting Irish : RHP Richard Thomas
Batting: SHB Jason Mason 0-0: Fly out, F4 (Popup, 34)
Batting: SHB Bill Butler 0-0: Called Strike
0-1: SINGLE (Groundball, 6M)
Batting: LHB Dave Bryant 0-0: Ball
1-0: Fly out, F6 (Popup, 4M)
Batting: RHB Julian Lee 0-0: Ball
1-0: Called Strike
1-1: Called Strike
1-2: Ball
2-2: Ball
3-2: Base on Balls
Bill Butler to second
Pinch Hitting: RHB Rodney Ervin 0-0: Ball
1-0: Swinging Strike
1-1: Ground out 4-3 (Groundball, 4)
Top of the 9th over - 0 run(s), 1 hit(s), 0 error(s), 2 left on base; Texas A&M 4 - Notre Dame 2
BOTTOM OF THE 9TH
Notre Dame Fighting Irish batting - Pitching for Texas A&M Aggies : RHP Brian Walker
Pitching: RHP José Gusmán
Now at 2B: Allen Hobbs
Batting: RHB Carlos Gómez 0-0: SINGLE (Groundball, 34D)
Batting: RHB Ron Walters 0-0: Foul Ball, location: 2F
0-1: Ground out 5-3 (Groundball, 5S)
Carlos Gómez to second
Pinch Hitting: SHB Tim Reid 0-0: Ball
1-0: Ball
2-0: SINGLE (Groundball, 6MD)
Carlos Gómez to third
Runner from 3rd tries for Home, SAFE, no throw or cutoff
Batting: RHB António Muńóz 0-0: Called Strike
0-1: Ground out 3-1 (Groundball, 34S)
Tim Reid to second
Batting: SHB Joe Gallagher 0-0: Foul Ball, location: 2F
0-1: Foul Ball, location: 2F
0-2: Ball
1-2: Fly out, F5 (Popup, 5SF)
Bottom of the 9th over - 1 run(s), 2 hit(s), 0 error(s), 1 left on base; Texas A&M 4 - Notre Dame 3
This league is powered by Out of the Park Baseball, the baseball management simulation game for PC, Mac and Linux
Saturday, April 9th, 2016 - OOTP Baseball 16.8 Build 38